 Dungeon Crawl Stone Soup version 0.25.0-46-gbd7b0854d2 (console) character file.

Game seed: 7373245564324420226

6329 Colgate the Slinger (level 10, -1/86 HPs)
             Began as a Minotaur Abyssal Knight on July 13, 2020.
             Was a High Priest of Lugonu.
             Slain by a catoblepas (23 damage)
             ... in a Gauntlet on July 14, 2020.
             The game lasted 02:32:29 (8881 turns).

Colgate the Slinger (Minotaur Abyssal Knight)       Turns: 8881, Time: 02:32:29

Health: -1/86      AC: 14    Str: 20    XL:     10   Next: 64%
Magic:  10/10      EV: 10    Int:  9    God:    Lugonu [*****.]
Gold:   72         SH:  9    Dex: 12    Spells: 9/9 levels left

rFire    . . .     SeeInvis .   l - +2 flail (vorpal)
rCold    + . .     Gourm    .   F - +0 kite shield
rNeg     . . .     Faith    +   M - +2 ring mail {MR+}
rPois    +         Spirit   .   (helmet restricted)
rElec    .         Reflect  .   v - +0 cloak
rCorr    .         Harm     .   E - +0 pair of gloves
MR       +....     NoTele   +   (no boots)
Stlth    ++........             B - amulet of faith
HPRegen  0.24/turn              f - +4 ring of protection
MPRegen  0.12/turn              w - ring "Mejagof" {+Blink rC+ Dex+2 Stlth+}

@: hasted, lightly drained, very quick
A: retaliatory headbutt, horns 2, repulsion field 1, poison resistance
a: Depart the Abyss, Bend Space, Banish, Corrupt, Enter the Abyss, Renounce
Religion, Evoke Blink


You were in a Gauntlet.
You worshipped Lugonu.
Lugonu was extremely pleased with you.
You were very hungry.

You visited 2 branches of the dungeon, and saw 10 of its levels.
You visited the Abyss 1 time.
You also visited: Gauntlet.

You collected 468 gold pieces.
You spent 396 gold pieces at shops.

Inventory:

Hand Weapons
 l - a +2 vorpal flail (weapon)
 u - a +0 hand crossbow
 I - a +0 hunting sling
Missiles
 b - 8 silver javelins (quivered)
 e - 36 sling bullets
 n - 135 arrows
 r - 217 stones
 s - 28 poisoned darts
 R - 6 atropa-tipped darts
 U - 4 boomerangs
Armour
 a - a +0 plate armour
 t - a +0 chain mail
 v - a +0 cloak (worn)
 E - a +0 pair of gloves (worn)
 F - a +0 kite shield (worn)
 M - a +2 ring mail of magic resistance (worn)
Magical Staves
 Y - an uncursed staff of death
Jewellery
 f - a +4 ring of protection (left hand)
 i - an uncursed ring of resist corrosion
 p - an uncursed ring of ice
 w - the ring "Mejagof" (right hand) {+Blink rC+ Dex+2 Stlth+}
   (You found it on level 5 of the Dungeon)

   [ring of protection from cold]

   It affects your dexterity (+2).
   It protects you from cold.
   It lets you blink.
   It makes you more stealthy.
 x - an uncursed ring of see invisible
 y - an uncursed ring of magical power
 B - an amulet of faith (around neck)
 T - an uncursed ring of flight
Wands
 d - a wand of flame (9)
 H - a wand of iceblast (1)
 P - a wand of paralysis (3)
Scrolls
 h - 4 scrolls of identify
 j - a scroll of brand weapon {unknown}
 k - a scroll of random uselessness {unknown}
 m - 7 scrolls of teleportation
 o - 4 scrolls of remove curse
 C - 5 scrolls of enchant armour
 D - a scroll of amnesia {unknown}
 L - a scroll of magic mapping
 N - a scroll of enchant weapon {unknown}
 Q - a scroll of silence {unknown}
Potions
 g - 3 potions of curing
 q - 2 potions of brilliance
 A - 2 potions of flight
 O - 2 potions of stabbing
 V - a potion of invisibility
Comestibles
 c - 21 rations


   Skills:
 - Level 7.5(7.3) Fighting
 - Level 5.0 Maces & Flails
 - Level 1.4(3.3) Staves
 - Level 13.0(13.1) Slings
 - Level 4.0(8.7) Throwing
 + Level 6.3(6.2) Armour
 - Level 1.1(1.0) Dodging
 - Level 2.3(2.2) Stealth
 - Level 3.0(2.9) Shields
 - Level 1.7(1.6) Invocations
 - Level 1.9(1.8) Evocations


You had 9 spell levels left.
You didn't know any spells.
Your spell library contained the following spells:

 Spells                   Type           Power        Failure   Level  Hunger
 Animate Skeleton         Necr           N/A          97%         1    ##.....
 Corona                   Hex            #......      97%         1    ##.....
 Pain                     Necr           #...         97%         1    ##.....
 Ensorcelled Hibernation  Hex/Ice        #.....       99%         2    ###....
 Slow                     Hex            #.......     99%         2    ###....
 Confusing Touch          Hex            #.......     100%        3    ####...
 Dazzling Flash           Conj/Hex       #.....       100%        3    ####...
 Inner Flame              Hex/Fire       #.......     100%        3    ####...
 Portal Projectile        Hex/Tloc       #.....       100%        3    ####...
 Tukima's Dance           Hex            #.......     100%        3    ####...
 Vampiric Draining        Necr           #.........   100%        3    ####...
 Animate Dead             Necr           N/A          100%        4    #####..
 Cause Fear               Hex            #.........   100%        4    #####..
 Leda's Liquefaction      Hex/Erth       #.........   100%        4    #####..
 Agony                    Necr           #.......     100%        5    ######.


Dungeon Overview and Level Annotations

Branches:
Dungeon (9/15)             Temple (0/1) D:4            Lair (1/6) D:8
Gauntlet (1/1)
    Orc: D:9-12

Altars:
Ashenzari
Hepliaklqana
Kikubaaqudgha
Nemelex Xobeh
Okawaru
Qazlal
Ru
Yredelemnul

Shops:
D:4 [   D:8 !

Annotations:
Gauntlet , 3 transporters


Innate Abilities, Weirdness & Mutations

You reflexively headbutt those who attack you in melee.
You have a pair of horns on your head.
You are surrounded by a mild repulsion field. (EV +2)
Your system is resistant to poisons. (rPois)


Message History

The catoblepas is lightly wounded.
You are engulfed in calcifying dust.
The gargoyle hits you but does no damage.
The catoblepas gores you but does no damage.
You sock the catoblepas!
The catoblepas is moderately wounded.
The molten gargoyle blasts magma at you!
The bolt of magma misses you.
The gargoyle hurls a stone arrow at you.
The stone arrow misses you.
The stone arrow hits the catoblepas!!
You hit the catoblepas but do no damage.
The catoblepas is severely wounded.
The catoblepas gores you. The molten gargoyle barely misses you.
You completely miss the catoblepas.
The catoblepas is severely wounded.
The gargoyle hurls a stone arrow at you.
The stone arrow hits you!!
* * * LOW HITPOINT WARNING * * *
The catoblepas gores you!!
You die...

....ww#. #######.
......#. ♣...###.#s
.###..P♣...#. ....##..##
.#...P.....#.
....#....##N#...#≈#≈#.#.
....#########...≈≈≈≈≈.#.
.∩............♣.#≈#≈#.#©
....#########..P≈≈≈≈≈.#.
....###.9.###..P#≈#≈#.#.
....###@9.###....PP.P.#.
♣...##Y##'..###...♣...#.
..P.#©[#©#..#©#.......#.
..♣.##?'##..#.#########.
#.P.###...###.#.......#.
≈...###...###.#...##..#.
≈...#########.#..##..##.
≈.♣.........#©#©##©.###©
.P.#########.###..##.##
...#[.#.##G#.##..##..#.
#..#u##.#.......#.


You could see a catoblepas, a salamander, a jumping spider, a molten gargoyle
and a gargoyle.

Vanquished Creatures
  A centaur warrior (D:8)
  A soul eater (Gauntlet)
  A gargoyle (Gauntlet)
  A komodo dragon (D:8)
  A queen bee (Gauntlet)
  2 hippogriffs (D:8)
  3 blink frogs (Lair:1)
  2 water moccasins (Lair:1)
  A porcupine (Lair:1)
  2 ice beasts
  3 orc warriors
  A necrophage (D:8)
  A centaur (D:8)
  6 ogres
  A crocodile (Lair:1)
  7 killer bees
  3 howler monkeys (D:7)
  5 wights (D:7)
  3 crimson imps
  2 bullfrog zombies (D:5)
  3 centaur zombies
  4 hounds
  2 orc priests (D:8)
  A bullfrog skeleton (D:7)
  4 iguanas
  6 worker ants
  6 orc wizards
  A killer bee zombie (D:7)
  A hound zombie (D:8)
  A hound skeleton (D:7)
  8 gnolls
  17 adders
  3 shadow imps
  An adder zombie (D:7)
  An adder skeleton (D:4)
  3 worms
  A dart slug (D:1)
  4 leopard geckos
  19 orcs
  2 ball pythons
  6 giant cockroaches
  5 goblins
  7 hobgoblins
  13 jackals
  6 kobolds
  5 quokkas
  7 bats
  5 frilled lizards
  A jackal skeleton (D:4)
  4 rats
194 creatures vanquished.

Vanquished Creatures (others)
  A shadow imp (D:6)
  A jackal skeleton (D:6)
  3 plants (D:8)
5 creatures vanquished.

Grand Total: 199 creatures vanquished

Notes
Turn   | Place    | Note
-------+----------+-------------------------------------------
     0 | Abyss:1  | Colgate the Minotaur Abyssal Knight began the quest for the
                  | Orb.
     0 | Abyss:1  | Reached XP level 1. HP: 19/19 MP: 1/1
     2 | Abyss:1  | Found a corrupted altar of Lugonu.
    10 | D:1      | Escaped the Abyss
   213 | D:1      | Reached XP level 2. HP: 28/28 MP: 2/2
   467 | D:1      | Reached skill level 5 in Fighting
   747 | D:1      | Reached XP level 3. HP: 34/36 MP: 3/3
   991 | D:2      | Found a faded altar of an unknown god.
  1105 | D:2      | Found an iron altar of Okawaru.
  1138 | D:2      | Reached ** piety under Lugonu
  1624 | D:2      | Reached XP level 4. HP: 44/44 MP: 4/4
  1947 | D:3      | Found a shattered altar of Ashenzari.
  2054 | D:3      | Reached skill level 1 in Throwing
  2308 | D:3      | Reached skill level 1 in Staves
  2577 | D:4      | Noticed an ogre
  2585 | D:4      | Reached XP level 5. HP: 44/50 MP: 5/5
  2585 | D:4      | Killed an ogre
  2757 | D:4      | Found a staircase to the Ecumenical Temple.
  2911 | D:4      | Reached *** piety under Lugonu
  2911 | D:4      | Reached XP level 6. HP: 57/57 MP: 6/6
  2951 | D:4      | Found a basalt altar of Yredelemnul.
  2967 | D:4      | Gained mutation: You are surrounded by a mild repulsion
                  | field. (EV +2) [potion of mutation]
  2967 | D:4      | Gained mutation: Your system is resistant to poisons.
                  | (rPois) [potion of mutation]
  2989 | D:4      | Found Qannitte's Armour Shoppe.
  3621 | D:5      | Entered Level 5 of the Dungeon
  3627 | D:5      | Reached skill level 1 in Shields
  3636 | D:5      | Reached skill level 1 in Slings
  3644 | D:5      | Reached XP level 7. HP: 66/66 MP: 7/7
  3693 | D:5      | Reached skill level 2 in Slings
  3893 | D:5      | Found a hazy altar of Hepliaklqana.
  3932 | D:5      | Got a steaming amber ring
  3938 | D:5      | Identified the ring "Mejagof" {+Blink rC+ Dex+2 Stlth+}
                  | (You found it on level 5 of the Dungeon)
  3973 | D:5      | Found an ancient bone altar of Kikubaaqudgha.
  3989 | D:5      | Reached skill level 3 in Slings
  4259 | D:4      | Bought a +2 ring mail of magic resistance for 252 gold
                  | pieces
  4384 | D:6      | Reached skill level 4 in Slings
  4393 | D:6      | Reached **** piety under Lugonu
  4413 | D:6      | Reached skill level 5 in Maces & Flails
  4424 | D:6      | Reached XP level 8. HP: 31/73 MP: 8/8
  4806 | D:6      | Found a stormy altar of Qazlal.
  5037 | D:6      | Reached skill level 5 in Slings
  5279 | D:6      | Found a sparkling altar of Nemelex Xobeh.
  5423 | D:7      | Reached skill level 6 in Slings
  5441 | D:7      | Reached skill level 7 in Slings
  6141 | D:7      | Reached skill level 8 in Slings
  6265 | D:7      | Reached XP level 9. HP: 68/79 MP: 9/9
  6526 | D:8      | Reached skill level 9 in Slings
  6641 | D:8      | Noticed a centaur warrior
  6645 | D:8      | Reached ***** piety under Lugonu
  6665 | D:8      | Killed a centaur warrior
  6665 | D:8      | Reached skill level 10 in Slings
  6972 | D:8      | Reached skill level 11 in Slings
  7265 | D:8      | Found Notasukh's Distillery.
  7268 | D:8      | Noticed a komodo dragon
  7288 | D:8      | Killed a komodo dragon
  7304 | D:8      | Reached XP level 10. HP: 44/86 MP: 10/10
  7514 | D:8      | Bought a potion of might for 48 gold pieces
  7514 | D:8      | Bought a potion of ambrosia for 96 gold pieces
  7531 | D:8      | Found a staircase to the Lair.
  7572 | D:8      | Found a sacrificial altar of Ru.
  7601 | D:8      | Reached skill level 12 in Slings
  7908 | Lair:1   | Entered Level 1 of the Lair of Beasts
  8181 | Lair:1   | Found a gate leading to a gauntlet.
  8202 | Gauntlet | Entered a Gauntlet
  8202 | Gauntlet | Found a transporter.
  8325 | Gauntlet | Found a runed translucent door.
  8326 | Gauntlet | Found a transporter.
  8326 | Gauntlet | Found a transporter.
  8332 | Gauntlet | Reached skill level 13 in Slings
  8341 | Gauntlet | Reached skill level 1 in Evocations
  8350 | Gauntlet | Noticed a soul eater
  8354 | Gauntlet | Found a transporter.
  8513 | Gauntlet | Found a transporter.
  8522 | Gauntlet | Noticed a great orb of eyes
  8522 | Gauntlet | Noticed a white ugly thing
  8571 | Gauntlet | Killed a soul eater
  8571 | Gauntlet | Reached skill level 5 in Armour
  8839 | Gauntlet | Found a transporter.
  8841 | Gauntlet | Found a transporter.
  8843 | Gauntlet | Noticed a gargoyle
  8844 | Gauntlet | Found a runed translucent door.
  8844 | Gauntlet | Noticed a molten gargoyle
  8846 | Gauntlet | Noticed a catoblepas
  8846 | Gauntlet | Noticed a gargoyle
  8849 | Gauntlet | Found a runed translucent door.
  8857 | Gauntlet | Found a transporter.
  8870 | Gauntlet | Noticed a salamander
  8876 | Gauntlet | Killed a gargoyle
  8881 | Gauntlet | Slain by a catoblepas

Illustrated notes

Levels and vault maps discovered:
D:1:      wander_arrival_fairy_ring, layout_basic, serial_forest,
          infiniplex_forest_lined_room_3, infiniplex_forest_lined_2
D:2:      minmay_skewed_foursquare, layout_basic, okawaru_metal_pillars_1_2,
          chequers_ecumenical_altar_lobes
D:3:      layout_basic, overflow_temple_1_default
D:4:      layout_loops_ring, yredelemnul_altar_generic,
          minmay_temple_entry_mini_moons, serial_shops, shop,
          nrook_mini_backslash
D:5:      layout_rooms, lemuel_crystal_altar, overflow_temple_1_default,
          first_ration
D:6:      layout_loops_ring, grunt_qazlal_clouds, lemuel_doored_altar
D:7:      layout_layer_cave
D:8:      hangedman_cross_stitches, layout_rooms, nicolae_ru_path_of_blood,
          david_lair_shrubbed, serial_shops, nicolae_shop_window_shopping
D:9:      layout_basic, kennysheep_mini_moat, uniq_harold
Lair:1:   layout_roguey, basic_altar, gauntlet_entry_generic
Gauntlet: minmay_gauntlet_77_tree [minmay_gauntlet_arena_77_path,
          minmay_gauntlet_arena_77_two_lines, minmay_gauntlet_arena_77_box,
          minmay_gauntlet_arena_77_tiled_triplets,
          minmay_gauntlet_arena_77_cramped, minmay_gauntlet_arena_77_fan,
          minmay_gauntlet_arena_77_mirror, gauntlet_exit_spiral]

Skill      XL: |  1  2  3  4  5  6  7  8  9 10 |
---------------+-------------------------------+-----
Fighting       | 4 5 6 7 |  7.5
Throwing       | 2 3 4 |  4.0
Staves         | 1 |  1.4
Shields        | 1 2 3 |  3.0
Slings         | 1 4 8 11 13 | 13.0
Maces & Flails | 5 |  5.0
Armour         | 3 6 |  6.3
Stealth        | 2 |  2.3
Evocations     | 1 |  1.9
Dodging        | |  1.1
Invocations    | |  1.7

Action                   |  1- 3 |  4- 6 |  7- 9 | 10-12 || total
-------------------------+-------+-------+-------+-------++-------
Melee: Mace              |    69 |       |       |       ||    69
       Headbutt          |    12 |    11 |    27 |    17 ||    67
       Short sword       |    20 |     5 |       |       ||    25
       Quarterstaff      |       |    38 |       |       ||    38
       Flail             |       |    39 |   160 |    88 ||   287
 Fire: Hunting sling     |       |    19 |   161 |    32 ||   212
Throw: Stone             |    23 |    44 |       |       ||    67
       Javelin           |    21 |    33 |    31 |     2 ||    87
       Dart              |       |       |    10 |       ||    10
Invok: Bend Space        |       |       |     2 |     2 ||     4
Evoke: Wand              |       |       |    15 |    10 ||    25
  Use: Potion            |       |     6 |     2 |    10 ||    18
       Scroll            |       |     2 |     5 |     3 ||    10
 Stab: Distracted        |       |       |     1 |       ||     1
       Paralysed         |       |       |     4 |       ||     4
       Sleeping          |       |       |       |     1 ||     1
  Eat: Chunk             |     2 |     6 |    12 |     4 ||    24
Armor: Leather armour    |     3 |       |       |       ||     3
       Scale mail        |    49 |     4 |       |       ||    53
       Ring mail         |       |    43 |    89 |    30 ||   162
       Skin              |       |     1 |       |    24 ||    25
Dodge: Dodged            |    40 |    39 |    81 |    27 ||   187
Block: Kite shield       |       |    23 |    83 |    45 ||   151
